 Dungeon Crawl Stone Soup version 0.28-a0-687-gb91baff9cc (webtiles) character file.

Game seed: 5530220506492506412

196 RepHenryClay the Slasher (level 5, -1/41 HPs)
             Began as a Barachi Fighter on Oct 19, 2021.
             Was an Initiate of Cheibriados.
             Slain by an orc (4 damage)
             ... on level 4 of the Dungeon.
             The game lasted 00:03:34 (2499 turns).

RepHenryClay the Slasher (Barachi Fighter)          Turns: 2499, Time: 00:03:35

Health: -1/41      AC:  8    Str: 20    XL:     5   Next: 74%
Magic:  5/5        EV:  9    Int:  9    God:    Cheibriados [......]
Gold:   62         SH:  4    Dex: 12    Spells: 4/4 levels left

rFire   . . .      SeeInvis .   a - +1 long sword
rCold   . . .      Faith    .   c - +0 buckler
rNeg    . . .      Spirit   .   b - +0 scale mail
rPois   .          Reflect  .   (no helmet)
rElec   .          Harm     .   e - +0 cloak
rCorr   .          Rampage  .   (no gloves)
Will    .....                   (no boots)
Stlth   ..........              (no amulet)
HPRegen 0.13/turn               (no ring)
MPRegen 0.09/turn               (no ring)

@: attractive, very slow
A: amphibious, slowness 1, strong legs 1, +LOS
a: Hop, Renounce Religion, Bend Time


You were on level 4 of the Dungeon.
You worshipped Cheibriados.
Cheibriados was noncommittal.
You visited 1 branch of the dungeon, and saw 4 of its levels.

You collected 62 gold pieces.

Inventory:

Hand Weapons
 a - a +1 long sword (weapon)
Armour
 b - a +0 scale mail (worn)
 c - a +0 buckler (worn)
 e - a +0 cloak (worn)
Jewellery
 g - a ring of wizardry
Scrolls
 h - a scroll of enchant weapon
 k - a scroll of identify {@r1}
Potions
 d - 2 potions of might
 f - 3 potions of brilliance
 i - a potion of degeneration {unknown}
 j - a potion of attraction
 l - a potion of haste {unknown}
 n - a potion of curing {unknown}


   Skills:
 - Level 3.6 Fighting
 + Level 6.6 Long Blades
 - Level 3.9 Armour
 - Level 3.5 Shields


You had 4 spell levels left.
You didn't know any spells.
Your spell library was empty.

Dungeon Overview and Level Annotations

Branches:
Dungeon (4/15)
 Temple: D:4-7

Altars:
Cheibriados

Annotations:
D:3 unfinished


Innate Abilities, Weirdness & Mutations

You are amphibious.
You cover ground slowly.
You can hop short distances.
You have an extended range of vision and can be seen from far away.


Message History

Unknown command.
You closely miss the orc.
The orc is heavily wounded.
The orc hits you with a +0 short sword.
* * * LOW HITPOINT WARNING * * *
The orc barely misses you.
Damage: -3%(-1hp) hp: 32%(13hp) Unknown command.
You barely miss the orc.
The orc is heavily wounded.
You block the orc's attack. The orc hits you but does no damage.
You completely miss the orc.
The orc is heavily wounded.
The orc hits you but does no damage. You block the orc's attack.
You hit the orc but do no damage.
The orc is heavily wounded.
The orc barely misses you.
The orc hits you from afar with a +0 trident.
* * * LOW HITPOINT WARNING * * *
Damage: -5%(-2hp) hp: 30%(12hp) Unknown command.
You slash the orc!
You kill the orc!
Cheibriados appreciates the change of pace.
The orc hits you from afar with a +0 trident.
* * * LOW HITPOINT WARNING * * *
Huge Dmg: -10%(-4hp) hp: 20%(8hp) It was a potion of attraction.
You feel attractive to monsters. The orc hits you but does no damage. x2
You closely miss the orc. You block the orc's attack.
The orc barely misses you.
You hit the orc but do no damage. You block the orc's attack.
The orc hits you from afar with a +0 trident.
* * * LOW HITPOINT WARNING * * *
Huge Dmg: -7%(-3hp) hp: 13%(5hp)
You hit the orc but do no damage. The orc hits you with a +0 mace.
* * * LOW HITPOINT WARNING * * *
The orc hits you from afar with a +0 trident.
You die...

#.....#...†...(#
#.##).#..##.#..#
#################.#...#.....#.##
..................#.....##.##
.....####._.####..#...#.# .#
.....##...........#.....# .
.....##...........##..#....##
.....##...............#.##.#
.....############@##.##.# ..
.....# #o##.##.# # ######
#.o#.##.# #####.#'##.#
#........# #........# #........#
#........# #######..#


You could see 2 orcs.

Vanquished Creatures
  A phantom (D:3)
  7 adders
  A dart slug (D:1)
  An orc (D:4)
  7 ball pythons
  3 bats (D:2)
  4 endoplasms
  2 giant cockroaches
  2 goblins (D:2)
  8 hobgoblins
  3 jackals (D:2)
  3 quokkas
  A frilled lizard (D:1)
  6 kobolds
  6 rats
55 creatures vanquished.

Notes
Turn   | Place    | Note
-------+----------+-------------------------------------------
     0 | D:1      | RepHenryClay the Barachi Fighter began the quest for the
                  | Orb.
     0 | D:1      | Reached XP level 1. HP: 18/18 MP: 1/1
   392 | D:1      | Reached XP level 2. HP: 24/24 MP: 2/2
   512 | D:1      | Reached skill level 3 in Long Blades
   846 | D:2      | Reached XP level 3. HP: 29/29 MP: 3/3
   859 | D:2      | Reached skill level 4 in Long Blades
   925 | D:2      | Found a faded altar of an unknown god.
  1088 | D:2      | Reached XP level 4. HP: 15/36 MP: 4/4
  1944 | D:3      | Reached skill level 5 in Long Blades
  2070 | D:3      | Noticed a phantom
  2103 | D:3      | Killed a phantom
  2104 | D:3      | Reached skill level 6 in Long Blades
  2104 | D:3      | Reached XP level 5. HP: 29/41 MP: 5/5
  2401 | D:4      | Found a snail-covered altar of Cheibriados.
  2457 | D:4      | Became a worshipper of Cheibriados the Contemplative
  2499 | D:4      | Slain by an orc

Illustrated notes

Levels and vault maps discovered:
D:1:      lightli_arrival_flooded_house, layout_rooms, minmay_misc_feat_chi
D:2:      layout_basic, shapermc_ecumenical_altar_starsandcircs
D:3:      layout_loops_ring, evilmike_ruin_ashenzari, serial_rivers,
          chequers_serial_rivers_marsh, chequers_serial_rivers_large_b,
          chequers_serial_rivers_micro_a, chequers_serial_rivers_micro_c,
          serial_shops, nicolae_square_shop
D:4:      layout_basic, cheibriados_altar_1, minmay_temple_entry_mist

Skill      XL: |  1  2  3  4 |
---------------+-------------+-----
Long Blades    | 3 4 6 |  6.6
Fighting       | |  3.6
Armour         | |  3.9
Shields        | |  3.5

Action                   |  1- 3 |  4- 6 || total
-------------------------+-------+-------++-------
Melee: Long sword        |    99 |    85 ||   184
  Use: Scroll            |       |     4 ||     4
       Potion            |       |     1 ||     1
Armor: Scale mail        |    49 |    59 ||   108
Dodge: Dodged            |    49 |    35 ||    84
Block: Buckler           |    24 |    34 ||    58

Table legend: (Time is in decaauts)
 A = Elapsed time spent in this place.
 B = Non-inter-level travel time spent in this place.
 C = Inter-level travel time spent in this place.
 D = Time resting spent in this place.
 E = Time spent auto-exploring this place.
 F = Levels seen in this place.
 G = Mean time per level.
                   A        B        C        D        E       F      G
               +--------+--------+--------+--------+--------+-----+--------+
         Total |   2824 |   2719 |    105 |      0 |   2182 |   4 |  706.0 |
       Dungeon |   2824 |   2719 |    105 |      0 |   2182 |   4 |  706.0 |
               +--------+--------+--------+--------+--------+-----+--------+

Top non-repeatable levels by time:
     D:2: 1420 daAuts
     D:1: 774 daAuts
     D:3: 457 daAuts
     D:4: 172 daAuts
